 Dungeon Crawl Stone Soup version 0.28-a0-429-g1448048969 (webtiles) character file.

Game seed: 335571391330545409

1022 avis the Skirmisher (level 8, -4/76 HPs)
             Began as a Naga Transmuter on Sept 11, 2021.
             Slain by a vampire (11 damage)
             ... on level 6 of the Dungeon.
             The game lasted 00:32:41 (4774 turns).

avis the Skirmisher (Naga Transmuter)               Turns: 4774, Time: 00:32:43

Health: -4/76      AC:  2    Str: 12    XL:     8   Next: 22%
Magic:  8/12       EV: 19    Int: 16    God:
Gold:   282        SH:  0    Dex: 17    Spells: 3/13 levels left

rFire   . . .      SeeInvis +     - Unarmed
rCold   . . .      Faith    .   (shield currently unavailable)
rNeg    . . .      Spirit   .   (armour currently unavailable)
rPois   x          Reflect  .   (helmet currently unavailable)
rElec   .          Harm     .   (cloak currently unavailable)
rCorr   .          Rampage  .   (gloves currently unavailable)
Will    +....                   (no barding)
Stlth   ++........              (no amulet)
HPRegen 0.22/turn               (no ring)
MPRegen 0.13/turn               (no ring)

@: spider-form
A: venomous fangs, AC +2, tiny, see invisible, (deformed body), (poison
resistance), (slowness 2), spit poison 1, (naga tail 1)
a: Spit Poison, End Transformation


You were on level 6 of the Dungeon.
You were a venomous arachnid creature.
You visited 1 branch of the dungeon, and saw 6 of its levels.

You collected 282 gold pieces.

Inventory:

Hand Weapons
 b - a +0 dagger
 m - a +0 long sword
 A - a +0 hunting sling
Missiles
 g - 29 poisoned darts
 n - 51 arrows
 o - 100 stones
 u - 20 bolts
Armour
 a - a +0 robe (melded)
 h - a +0 plate armour
 l - a +0 leather armour
 t - a +0 helmet
 v - a +1 hat (melded)
Jewellery
 y - an amulet of faith
Wands
 B - a wand of flame (21)
Scrolls
 c - 2 scrolls of magic mapping {unknown}
 e - 2 scrolls of torment {unknown}
 k - 4 scrolls of identify {unknown}
 q - 2 scrolls of amnesia {unknown}
 s - a scroll of fear {unknown}
 w - a scroll of teleportation {unknown}
Potions
 d - 3 potions of berserk rage {unknown}
 f - a potion of attraction {unknown}
 i - 2 potions of degeneration {unknown}
 j - 2 potions of might {unknown}
 p - a potion of curing {unknown}
 r - a potion of lignification {unknown}
 x - 2 potions of heal wounds {unknown}
 z - a potion of haste {unknown}


   Skills:
 - Level 6.0 Fighting
 - Level 2.0 Dodging
 - Level 3.0 Stealth
 * Level 5.9 Unarmed Combat
 - Level 3.0 Spellcasting
 - Level 3.0 Transmutations
 - Level 3.0 Poison Magic


You had 3 spell levels left.
You knew the following spells:

 Your Spells              Type           Power      Damage    Failure   Level
a - Beastly Appendage     Tmut           24%        N/A       16%         1
c - Passwall              Tmut/Erth      5%         N/A       34%         2
p - Spider Form           Tmut/Pois      6%         N/A       34%         3
q - Ice Form              Ice/Tmut       7%         N/A       86%         4

Your spell library contained the following spells:

 Spells                   Type           Power      Damage    Failure   Level
 Wereblood                Tmut           12%        N/A       22%         2
 Magic Dart               Conj           8%         1d3       38%         1
 Sandblast                Erth           4%         2d4       38%         1
 Searing Ray              Conj           4%         2d4       50%         2
 Gell's Gravitas          Tloc           1%         N/A       71%         3
 Lesser Beckoning         Tloc           2%         N/A       71%         3
 Stone Arrow              Conj/Erth      4%         3d7       71%         3
 Teleport Other           Tloc           2%         N/A       71%         3
 Fulminant Prism          Conj/Hex       1%         3d6       96%         4


Dungeon Overview and Level Annotations

Branches:
Dungeon (6/15)
 Temple: D:4-7

Altars:
Nemelex Xobeh
Uskayaw
Yredelemnul
Zin

Shops:
D:2 [   D:4 *


Innate Abilities, Weirdness & Mutations

You are a venomous arachnid creature.
You have poisonous fangs.
You are tiny and dextrous.
Your spellcasting is less reliable in this form.
Your armour is entirely melded.
You are incapable of wielding weapons or throwing items.
((Your serpentine skin is tough. (AC +2)))
You have supernaturally acute eyesight. (SInv)
((Armour fits poorly on your strangely shaped body.))
((Your system is resistant to poisons. (rPois)))
((You cover ground very slowly.))
You can spit poison.
((You have a snake-like lower body.))


Message History

The vampire completely misses you. The vampire barely misses you.
You hit the vampire but do no damage.
The vampire is heavily damaged.
The vampire misses you. The vampire completely misses you.
You hit the vampire.
The vampire is heavily damaged.
The vampire misses you. x2
You hit the vampire but do no damage.
The vampire is heavily damaged.
Your transformation has ended.
Your +1 hat unmelds from your body.
Your +0 robe unmelds from your body.
The vampire barely misses you. The vampire closely misses you.
Press: ? - help, Shift-Dir - straight line, f - vampire
Aim: a vampire (heavily damaged, slightly transparent)
The splash of poison hits the vampire but does no damage.
The vampire is heavily damaged.
The vampire barely misses you. The vampire completely misses you.
Casting: Spider Form (dangerous; 16% risk of failure)
Confirm with . or Enter, or press ? or * to list all spells.
You turn into a venomous arachnid creature.
Your +1 hat melds into your body.
Your +0 robe melds into your body.
The vampire casts a spell at you.
You easily resist.
You hit the vampire but do no damage.
The vampire is heavily damaged.
The vampire draws life force from you!!
The vampire is healed by the life force!
You hit the vampire but do no damage.
The vampire is lightly damaged.
The vampire barely misses you. The vampire bites you!
* * * LOW HITPOINT WARNING * * *
The vampire draws strength from your injuries!
You hit the vampire but do no damage. You hit the vampire.
The vampire is lightly damaged.
You have got your breath back.
The vampire hits you!
* * * LOW HITPOINT WARNING * * *
The vampire bites you!
You die...

#............##...#####
..........###.#.......##
..####.#...............#
...##..#####..........##
......###.#........####
....... ...........#
...................##
....................#
...............Vs<..#
....... ......#.....#
./#...##.....# ..V..#
#........ .....
#......#.. .....
#......... #...
#......... ...###....


You could see a vampire (invisible).

Vanquished Creatures
  A black bear (D:4)
  A necrophage (D:5)
  2 ogres
  A sky beast (D:6)
  A scorpion (D:6)
  A wyvern skeleton (D:6)
  A water moccasin skeleton (D:4)
  2 howler monkeys
  A centaur zombie (D:5)
  2 hounds
  A centaur skeleton (D:4)
  3 iguanas
  An orc wizard (D:4)
  5 adders
  3 dart slugs
  3 orcs
  9 endoplasms
  5 giant cockroaches
  6 goblins
  2 hobgoblins
  7 jackals
  A quokka (D:1)
  9 ball pythons
  3 bats
  4 frilled lizards (D:1)
  9 kobolds
  4 rats
88 creatures vanquished.

Notes
Turn   | Place    | Note
-------+----------+-------------------------------------------
     0 | D:1      | avis the Naga Transmuter began the quest for the Orb.
     0 | D:1      | Reached XP level 1. HP: 18/18 MP: 3/3
   177 | D:1      | Reached XP level 2. HP: 26/26 MP: 3/5
   212 | D:1      | Reached skill level 2 in Fighting
   214 | D:1      | Reached skill level 1 in Stealth
   409 | D:1      | Reached skill level 1 in Poison Magic
   531 | D:1      | Reached XP level 3. HP: 22/32 MP: 4/6
   915 | D:1      | Learned a level 3 spell: Spider Form
  1160 | D:2      | Found a faded altar of an unknown god.
  1222 | D:2      | Found Iteom's Armour Shoppe.
  1228 | D:2      | Found a sparkling altar of Nemelex Xobeh.
  1449 | D:2      | Learned a level 2 spell: Passwall
  1687 | D:3      | Reached XP level 4. HP: 40/40 MP: 3/7
  1715 | D:3      | Reached skill level 3 in Fighting
  1816 | D:3      | Found a basalt altar of Yredelemnul.
  2261 | D:3      | Found a hide-covered altar of Uskayaw.
  2768 | D:4      | Reached XP level 5. HP: 48/49 MP: 4/8
  2868 | D:4      | Found Zin's Purification Station.
  2881 | D:4      | Found a glowing silver altar of Zin.
  3139 | D:4      | Reached XP level 6. HP: 56/56 MP: 6/10
  3238 | D:4      | Learned a level 4 spell: Ice Form
  3290 | D:4      | Noticed a black bear
  3309 | D:4      | Killed a black bear
  3310 | D:4      | Reached skill level 4 in Fighting
  3493 | D:4      | Reached XP level 7. HP: 64/64 MP: 4/11
  3645 | D:5      | Entered Level 5 of the Dungeon
  3668 | D:5      | Reached skill level 5 in Fighting
  3855 | D:4      | Reached skill level 5 in Unarmed Combat
  4404 | D:6      | Reached skill level 6 in Fighting
  4404 | D:6      | Reached XP level 8. HP: 76/76 MP: 8/12
  4750 | D:6      | Noticed a vampire
  4774 | D:6      | Slain by a vampire

Illustrated notes

Levels and vault maps discovered:
D:1:      dpeg_arrival_round_b, layout_rooms
D:2:      layout_basic, basic_altar, chequers_ecumenical_altar_lobes,
          serial_shops, shop
D:3:      layout_loops_ring, marbit_many_paths,
          mainiacjoe_overflow_surrounded_room
D:4:      layout_rooms, zin_purify
D:5:      layout_rooms
D:6:      layout_cave_pools, mainiacjoe_overflow_concentric_impassable

Skill      XL: |  1  2  3  4  5  6  7 |
---------------+----------------------+-----
Fighting       | 2 3 4 6 |  6.0
Stealth        | 2 3 |  3.0
Poison Magic   | 1 2 3 |  3.0
Transmutations | 3 |  3.0
Spellcasting   | 3 |  3.0
Dodging        | 2 |  2.0
Unarmed Combat | 4 5 |  5.9

Action                   |  1- 3 |  4- 6 |  7- 9 || total
-------------------------+-------+-------+-------++-------
Melee: Unarmed           |    51 |    81 |    75 ||   207
       Headbutt          |     2 |     6 |     3 ||    11
       Punch             |       |     1 |       ||     1
 Cast: Beastly Appendage |    16 |    10 |     1 ||    27
       Spider Form       |     1 |     9 |    10 ||    20
 Abil: Spit Poison       |    35 |    21 |     6 ||    62
 Stab: Sleeping          |       |     1 |       ||     1
Armor: Robe              |    15 |     9 |    10 ||    34
       Skin              |       |     1 |     4 ||     5
Dodge: Dodged            |    27 |    55 |    56 ||   138

Table legend: (Time is in decaauts)
 A = Elapsed time spent in this place.
 B = Non-inter-level travel time spent in this place.
 C = Inter-level travel time spent in this place.
 D = Time resting spent in this place.
 E = Time spent auto-exploring this place.
 F = Levels seen in this place.
 G = Mean time per level.
                   A        B        C        D        E       F      G
               +--------+--------+--------+--------+--------+-----+--------+
         Total |   5800 |   5385 |    415 |   1407 |   2529 |   6 |  966.7 |
       Dungeon |   5800 |   5385 |    415 |   1407 |   2529 |   6 |  966.7 |
               +--------+--------+--------+--------+--------+-----+--------+

Top non-repeatable levels by time:
     D:3: 1612 daAuts
     D:1: 1198 daAuts
     D:4: 1063 daAuts
     D:5: 1015 daAuts
     D:2: 789 daAuts
     D:6: 121 daAuts
